 Dungeon Crawl Stone Soup version 0.29-a0-834-g1e95ca9f62 (webtiles) character file.

Game seed: 7583073792117097193

587 zeratav the Tainter (level 7, -2/43 HPs)
             Began as an Octopode Venom Mage on July 12, 2022.
             Slain by a gnoll
             ... wielding a +0 whip
              (4 damage)
             ... on level 5 of the Dungeon.
             The game lasted 00:06:33 (5118 turns).

zeratav the Tainter (Octopode Venom Mage)           Turns: 5118, Time: 00:06:34

Health: -2/43      AC:  1    Str:  7    XL:     7   Next: 38%
Magic:  8/10       EV: 13    Int: 17    God:
Gold:   234        SH:  0    Dex: 13    Spells: 5/10 levels left

rFire   + . .      SeeInvis +   r - +8 dagger "Neakloel" {vorpal, rN++ Int-2, short}
rCold   . . .      Faith    .   (no shield)
rNeg    + + .      Spirit   .   (helmet restricted)
rPois   .          Reflect  .   (no amulet)
rElec   .          Harm     .   l - +4 ring of slaying
rCorr   .          Rampage  .   (no ring)
Will    .....                   (no ring)
Stlth   ++++......              (no ring)
HPRegen 0.14/turn               (no ring)
MPRegen 0.12/turn               (no ring)
                                (no ring)
                                (no ring)

@: hasted, very quick
A: almost no armour, amphibious, 8 rings, camouflage 1, gelatinous body 1,
(nimble swimmer 1), tentacles, see invisible, fire resistance 1
a: no special abilities


You were on level 5 of the Dungeon.
You visited 1 branch of the dungeon, and saw 5 of its levels.

You collected 234 gold pieces.


Innate Abilities, Weirdness & Mutations

You cannot wear most types of armour.
You are amphibious.
You can wear up to eight rings at the same time.
Your skin changes colour to match your surroundings (Stealth+).
Your rubbery body absorbs attacks. (AC +1, EV +1)
((You are camouflaged when in or above water. (Stealth+)))
You have tentacles for arms and can constrict up to eight enemies at once.
You have supernaturally acute eyesight. (SInv)
Your flesh is heat resistant. (rF+)


   Skills:
 + Level 1.0 Fighting
 + Level 2.4 Dodging
 - Level 5.0 Stealth
 - Level 2.0 Spellcasting
 - Level 1.0 Transmutations
 - Level 9.0 Poison Magic


You had 5 spell levels left.
You knew the following spells:

 Your Spells              Type           Power      Damage    Failure   Level
a - Sting                 Tmut/Pois      72%        1d6       2%          1
b - Olgreb's Toxic Radia  Pois           32%        N/A       4%          4

Your spell library contained the following spells:

 Spells                   Type           Power      Damage    Failure   Level
 Poisonous Vapours        Pois/Air       34%        N/A       4%          2
 Mephitic Cloud           Conj/Pois/Air  11%        N/A       17%         3
 Call Canine Familiar     Summ           1%         N/A       50%         3
 Portal Projectile        Hex/Tloc       2%         N/A       50%         3
 Leda's Liquefaction      Hex/Erth       0%         N/A       88%         4

Inventory:

Hand Weapons
 d - the +5 quarterstaff of Nilossuo {holy, rElec rCorr Str-4 SInv, staff}
   (You found it on level 4 of the Dungeon)

   It has been blessed by the Shining One to cause great damage to the undead
   and demons.
   Str:       It affects your strength (-4).
   rElec:     It insulates you from electricity.
   SInv:      It lets you see invisible.
   rCorr:     It protects you from acid and corrosion.
 m - a +0 sling
   (You found it on level 2 of the Dungeon)
 o - a +1 falchion of holy wrath {long}
   (You found it on level 3 of the Dungeon)
 p - a +3 rapier {short}
   (You found it on level 3 of the Dungeon)
 r - the +8 dagger "Neakloel" (weapon) {vorpal, rN++ Int-2, short}
   (You took it off a hobgoblin on level 4 of the Dungeon)

   It inflicts extra damage upon your enemies.
   Int:       It affects your intelligence (-2).
   rN:        It greatly protects you from negative energy.
Jewellery
 l - a +4 ring of slaying (left tentacle)
   (You found it on level 2 of the Dungeon)
Scrolls
 c - a scroll of fear {unknown}
 j - 2 scrolls of poison {unknown}
 k - a scroll of identify {unknown}
 q - a scroll of fog {unknown}
 s - a scroll of vulnerability {unknown}
Potions
 a - 2 potions of magic
 b - a potion of mutation {!q}
 e - 2 potions of berserk rage {unknown}
 f - 2 potions of lignification {unknown}
 g - a potion of brilliance {unknown}
 h - a potion of haste {@q3}
 i - a potion of might {unknown}
 n - 4 potions of curing {unknown}

Dungeon Overview and Level Annotations

Branches:
Dungeon (5/15) Zot: 24879
 Temple: D:4-7

Altars:
Kikubaaqudgha
Makhleb
Ru

Annotations:
D:3 2 transporters, coolguy69's ghost, amateur HOFi

#....##................#### ##
#....##....#.#............##
#.###...#..........#..........#
...#..##....#.#.#...###......##
#..............###..# #.....####
##..................####....#..##
...........##.....#.##..#<##....#
....#.......##..##...[).)).......
...............o@............#.<.
#..............g####.##....####..
#..h##.!........##.......<..# ##
#... #)#...###........#....##
#... #.#..## ####..>#####)## #...
.....# #....# ### #.....#....
#......# #...###...## #.......
.... ..... #.......


You could see a gnoll and an orc.


Message History

The orc is poisoned.
The orc priest looks even sicker.
The orc misses you.
MP[-4]
You lost 4 mp, and now have 6/10 mp.
You hit the orc.
You kill the orc!
Your toxic aura wanes.
Things that are here:
a +0 flail {mace}; a scroll labelled NIMOKKIOTZ; an orc corpse The orc priest barely misses you.
You barely miss the orc priest. Your grab misses the orc priest.
The orc priest closely misses you.
You hit the orc priest. You grab the orc priest.
You constrict the orc priest, but do no damage.
You kill the orc priest!
Things that are here:
a +0 mace {mace}; a +0 leather armour You start resting.
MP[+4]
Your mp is fully restored (10).
You now have 215 gold pieces (gained 7).
There is a stone staircase leading up here.
s - a scroll labelled NIMOKKIOTZ
Things that are here:
a +0 flail {mace}; an orc corpse You now have 223 gold pieces (gained 8).
You now have 234 gold pieces (gained 11).
a - 2 potions of magic (gained 1)
A centaur comes into view.
The centaur wields a +0 shortbow.
The centaur shoots an arrow.
The arrow misses you.
The centaur shoots an arrow.
The arrow misses you.
You hear an angry growl.
Casting: Olgreb's Toxic Radiance (dangerous; 4% risk of failure)
Confirm with . or Enter, or press ? or * to list all spells.
You begin to radiate toxic energy.
The centaur is poisoned.
The centaur looks even sicker.
You hear a shout!
The centaur shoots an arrow.
The arrow misses you.
MP[-4]
You lost 4 mp, and now have 6/10 mp.
A black bear and 2 gnolls come into view.
The black bear is poisoned.
Your toxic aura wanes.
An orc comes into view. It is wielding a +0 falchion.
The centaur shoots an arrow.
The arrow hits you!
The centaur shoots an arrow.
The arrow closely misses you.
The orc shouts!
HP[-10]
You take 10 damage, and now have 31/41 hp.
MASSIVE DAMAGE!! (PAUSE)
The centaur unwields a +0 shortbow.
The centaur barely misses you. The centaur kicks you.
HP[-1]
You take 1 damage, and now have 30/41 hp.
You barely miss the centaur. The centaur closely misses you.
The centaur kicks you.
HP[-1]
You take 1 damage, and now have 29/41 hp.
You hit the centaur. The centaur hits you. The centaur closely misses you.
The centaur misses you.
The centaur kicks you but does no damage.
HP[-3]
You take 3 damage, and now have 26/41 hp.
You puncture the centaur!
You kill the centaur!
The orc suddenly yells, as Orcs often do.
Training target 9.0 for Poison Magic reached!
Your Poison Magic skill increases to level 9!
You need to enable at least one skill for training.
Your Fighting skill increases to level 1!
HP[+1] MP[+1]
You now have 43 max hp (+2).
The orc hits you with a +0 falchion.
You see here a purple potion.
HP[-5]
You take 5 damage, and now have 22/43 hp.
The orc attacks as you move away! The orc closely misses you.
The orc attacks as you move away! The orc hits you with a +0 falchion.
* * * LOW HITPOINT WARNING * * *
HP[-5]
You take 5 damage, and now have 17/43 hp.
The orc attacks as you move away! The orc closely misses you.
The orc attacks as you move away! The orc hits you with a +0 falchion.
* * * LOW HITPOINT WARNING * * *
HP[-5]
You take 5 damage, and now have 12/43 hp.
The orc attacks as you move away! The orc hits you with a +0 falchion.
* * * LOW HITPOINT WARNING * * *
HP[-5] MP[+1]
You take 5 damage, and now have 7/43 hp.
The orc attacks as you move away! The orc hits you with a +0 falchion.
* * * LOW HITPOINT WARNING * * *
HP[-5]
You take 5 damage, and now have 2/43 hp.
It was a potion of mutation.
You feel extremely strange.
Your vision sharpens.
You feel resistant to heat. The orc closely misses you.
It was a potion of haste.
You feel yourself speed up. The orc misses you.
The gnoll hits you with a +0 whip.
You die...

Skill      XL: |  1  2  3  4  5  6  7 |
---------------+----------------------+-----
Stealth        | 3 4 5 |  5.0
Poison Magic   | 4 5 7 8 9 |  9.0
Fighting       | 1 |  1.0
Dodging        | |  2.4
Spellcasting   | |  2.0
Transmutations | |  1.0

Action                   |  1- 3 |  4- 6 |  7- 9 || total
-------------------------+-------+-------+-------++-------
Melee: Unarmed           |     4 |       |       ||     4
       Dagger            |    50 |    54 |    10 ||   114
       Constrict         |    11 |    14 |     1 ||    26
       Tentacles         |     6 |     6 |       ||    12
       Punch             |     1 |       |       ||     1
       Rapier            |       |    12 |       ||    12
 Cast: Sting             |    17 |    46 |       ||    63
       Olgreb's Toxic Ra |       |     2 |     3 ||     5
  Use: Potion            |       |       |     2 ||     2
 Stab: Sleeping          |     8 |    18 |       ||    26
Armor: Skin              |     6 |     1 |     1 ||     8
Dodge: Dodged            |    38 |    31 |    16 ||    85

Levels and vault maps discovered:
D:1:      spicycebolla_arrival_risky_transporter, layout_loops_ring
D:2:      layout_basic, shapermc_ecumenical_altar_pompeii
D:3:      layout_loops_ring, mainiacjoe_overflow_small_starburst,
          overflow_temple_1_default, lemuel_coloured_pillars_altar,
          gammafunk_ghost_arena
D:4:      layout_basic, uniq_ijyb
D:5:      layout_cave_pools, mainiacjoe_overflow_cross_hatched,
          overflow_temple_1_default, chequers_serial_rivers_large_b,
          nicolae_kite_square_tiling_tiny, grunt_decor_junction,
          uniq_blork_the_orc, uniq_prince_ribbit1

Notes
Turn   | Place    | Note
-------+----------+-------------------------------------------
     0 | D:1      | zeratav the Octopode Venom Mage began the quest for the
                  | Orb.
     0 | D:1      | Reached XP level 1. HP: 11/11 MP: 3/3
     0 | D:1      | magus.rc [v1.9.6]
   131 | D:1      | Reached skill level 3 in Stealth
   360 | D:1      | Reached XP level 2. HP: 17/17 MP: 5/5
   468 | D:1      | Reached skill level 4 in Poison Magic
  1180 | D:2      | Reached XP level 3. HP: 21/21 MP: 6/6
  1188 | D:2      | Reached skill level 4 in Stealth
  1340 | D:2      | You pick up a book of the Hunter and begin reading...
  1340 | D:2      | You add the spells Call Canine Familiar, Portal Projectile
                  | and Leda's Liquefaction to your library.
  1385 | D:2      | HP: 4/21 [adder (4)]
  1717 | D:2      | Reached XP level 4. HP: 27/27 MP: 7/7
  1998 | D:2      | Found a faded altar of an unknown god.
  2045 | D:2      | Reached skill level 5 in Poison Magic
  2364 | D:3      | Found a transporter.
  2366 | D:3      | Found a transporter.
  2367 | D:3      | Noticed coolguy69's ghost (amateur HOFi)
  2416 | D:3      | Reached skill level 5 in Stealth
  2535 | D:3      | Found a burning altar of Makhleb.
  2630 | D:3      | Found an ancient bone altar of Kikubaaqudgha.
  2773 | D:3      | Found a sacrificial altar of Ru.
  3270 | D:4      | Reached XP level 5. HP: 11/31 MP: 8/8
  3289 | D:3      | Reached skill level 6 in Poison Magic
  3783 | D:4      | Noticed a black bear
  3822 | D:4      | Reached skill level 7 in Poison Magic
  3822 | D:4      | Reached XP level 6. HP: 32/36 MP: 1/9
  4175 | D:4      | Identified the +8 dagger "Neakloel" {vorpal, rN++ Int-2}
  4238 | D:4      | Identified the +5 quarterstaff of Nilossuo {holy, rElec
                  | rCorr Str-4 SInv}
  4240 | D:4      | Noticed Ijyb
  4250 | D:4      | Killed Ijyb
  4757 | D:4      | Learned a level 4 spell: Olgreb's Toxic Radiance
  4782 | D:4      | Killed a black bear
  4783 | D:4      | Reached skill level 8 in Poison Magic
  4783 | D:4      | Reached XP level 7. HP: 41/41 MP: 1/10
  4896 | D:5      | Entered Level 5 of the Dungeon
  5107 | D:5      | Reached skill level 9 in Poison Magic
  5107 | D:5      | Reached skill level 1 in Fighting
  5114 | D:5      | HP: 6/43 [orc/+0 falchion (6)]
  5116 | D:5      | HP: 2/43 [orc/+0 falchion (5)]
  5117 | D:5      | Gained mutation: You have supernaturally acute eyesight.
                  | (SInv) [potion of mutation]
  5117 | D:5      | Gained mutation: Your flesh is heat resistant. (rF+)
                  | [potion of mutation]
  5118 | D:5      | Slain by a gnoll

Vanquished Creatures
  A black bear (D:4)
  A centaur (D:5)
  A hound (D:4)
  An orc priest (D:5)
  A jelly (D:4)
  Ijyb (D:4)
  2 iguanas
  3 orc wizards
  8 adders
  An ufetubus (D:5)
  A worm (D:2)
  2 dart slugs
  14 orcs
  5 bats
  6 endoplasms
  A giant cockroach (D:4)
  9 goblins
  8 hobgoblins
  5 kobolds
  3 quokkas (D:4)
  8 ball pythons
  3 frilled lizards (D:1)
  5 rats
90 creatures vanquished.

Table legend:
 A = Non-vault XP
 B = Vault XP
 C = Vault XP percentage of total XP
 D = Non-vault monster count
 E = Vault monster count
 F = Vault count percentage of total count
                 A         B        C        D         E       F
            +---------+---------+-------+---------+---------+-------
      Total |     803 |      36 |   4.3 |      89 |       1 |   1.1
            +---------+---------+-------+---------+---------+-------
        D:1 |      24 |       0 |   0.0 |      14 |       0 |   0.0
        D:2 |      89 |       0 |   0.0 |      24 |       0 |   0.0
        D:3 |      73 |       0 |   0.0 |      13 |       0 |   0.0
        D:4 |     396 |      36 |   8.3 |      30 |       1 |   3.2
        D:5 |     221 |       0 |   0.0 |       8 |       0 |   0.0
            +---------+---------+-------+---------+---------+-------

Illustrated notes

Table legend:
 A = Kills in this place as a percentage of kills in entire the game.
 B = Kills by you in this place as a percentage of kills by you in the entire game.
 C = Kills by friends in this place as a percentage of kills by friends in the entire game.
 D = Other kills in this place as a percentage of other kills in the entire game.
 E = Experience gained in this place as a percentage of experience gained in the entire game.
 F = Experience gained in this place divided by the number of levels of this place that you have seen.
                   A       B       C       D       E      F
               +-------+-------+-------+-------+-------+----------------------
         Total | 100.0 | 100.0 |   N/A |   N/A | 100.0 | 167.8
       Dungeon | 100.0 | 100.0 |   N/A |   N/A | 100.0 | 167.8
               +-------+-------+-------+-------+-------+----------------------

Table legend: (Time is in decaauts)
 A = Elapsed time spent in this place.
 B = Non-inter-level travel time spent in this place.
 C = Inter-level travel time spent in this place.
 D = Time resting spent in this place.
 E = Time spent auto-exploring this place.
 F = Levels seen in this place.
 G = Mean time per level.
                   A        B        C        D        E       F      G
               +--------+--------+--------+--------+--------+-----+--------+
         Total |   5119 |   4958 |    161 |    930 |   3377 |   5 | 1023.8 |
       Dungeon |   5119 |   4958 |    161 |    930 |   3377 |   5 | 1023.8 |
               +--------+--------+--------+--------+--------+-----+--------+

Top non-repeatable levels by time:
     D:4: 1474 daAuts
     D:2: 1196 daAuts
     D:1: 1144 daAuts
     D:3: 1135 daAuts
     D:5: 169 daAuts
